 Dungeon Crawl Stone Soup version 0.20.1-1-g8b1a95d (webtiles) character file.

397 VladsEpitaph the Chopper (level 6, -1/84 HPs)
             Began as a Minotaur Berserker on Oct 25, 2017.
             Was a Priest of Trog.
             Slain by a steam dragon (3 damage)
             ... on level 5 of the Dungeon.
             The game lasted 00:14:46 (2921 turns).

VladsEpitaph the Chopper (Minotaur Berserker)       Turns: 2921, Time: 00:14:47

Health: -1/84      AC:  8    Str: 27    XL:     6   Next: 53%
Magic:  5/5        EV: 12    Int:  4    God:    Trog [***...]
Gold:   136        SH:  0    Dex:  9    Spells: 5/5 levels left

rFire    . . .     SeeInvis .   a - +0 hand axe
rCold    . . .     Gourm    .   (no shield)
rNeg     + + +     Faith    .   A - +1 ring mail of the Burgomaster {+Fly rElec rN+++ Str-2}
rPois    .         Spirit   .   (helmet restricted)
rElec    +         Reflect  .   (no cloak)
rCorr    .         Harm     .   i - +0 pair of gloves
MR       .....                  (no boots)
Stlth    ..........             o - amulet of magic regeneration
Regen    0.3/turn               (no ring)
MPRegen  0.2/turn               (no ring)

@: berserking, quick
A: retaliatory headbutt, horns 2
a: Berserk, Trog's Hand, Burn Spellbooks, Renounce Religion, Evoke Flight


You were on level 5 of the Dungeon.
You worshipped Trog.
Trog was most pleased with you.
You were very hungry.

You visited 1 branch of the dungeon, and saw 5 of its levels.

You collected 136 gold pieces.

Inventory:

Hand Weapons
 a - a +0 hand axe (weapon)
Armour
 b - a +0 animal skin
 e - a +0 robe of magic resistance
 h - a +0 ring mail
 i - a +0 pair of gloves (worn)
 m - a +0 chain mail
 A - the +1 ring mail of the Burgomaster (worn) {+Fly rElec rN+++ Str-2}
   (You found it on level 4 of the Dungeon)

   It affects your strength (-2).
   It insulates you from electricity.
   It renders you almost immune to negative energy.
   It lets you fly.
Jewellery
 o - an amulet of magic regeneration (around neck)
 p - an uncursed ring of protection from cold
 u - an uncursed amulet of rage
 B - an uncursed ring of resist corrosion {unknown}
Scrolls
 f - 3 scrolls of teleportation {unknown}
 j - 2 scrolls of identify
 k - a scroll of enchant armour {unknown}
 l - a scroll of random uselessness {unknown}
 n - a scroll of fog {unknown}
 s - a scroll of blinking {unknown}
 w - 2 scrolls of remove curse {unknown}
 y - 2 scrolls of enchant weapon {unknown}
Potions
 g - 2 potions of invisibility {unknown}
 q - 2 potions of curing {unknown}
 t - a potion of might {unknown}
 v - a potion of mutation {unknown}
 x - a potion of degeneration {unknown}
 z - a potion of flight {unknown}
Comestibles
 c - 3 bread rations
 d - a meat ration
 r - 2 royal jellies


   Skills:
 + Level 5.2 Fighting
 + Level 6.6 Axes
 + Level 4.3 Armour
 - Level 2.7 Dodging
 - Level 1.0 Stealth


You had 5 spell levels left.
You didn't know any spells.

Dungeon Overview and Level Annotations

Branches:
Dungeon (5/15)
 Temple: D:4-7

Altars:
Kikubaaqudgha
Nemelex Xobeh
Ru

Shops:
D:4 =


Innate Abilities, Weirdness & Mutations

You reflexively headbutt those who attack you in melee.
You have a pair of horns on your head.


Message History

You hit the steam dragon. You slash the fungus!
You are engulfed in a cloud of scalding steam.
The fungus is engulfed in a cloud of scalding steam.
The steam dragon closely misses you. The steam dragon barely misses you.
The steam dragon breathes steam at you. The ball of steam misses you.
The ball of steam hits the fungus.
Your unstable footing causes you to fumble your attack.
You are engulfed in a cloud of scalding steam.
* * * LOW HITPOINT WARNING * * *
The fungus is engulfed in a cloud of scalding steam. x2
The steam dragon bites you.
* * * LOW HITPOINT WARNING * * *
The steam dragon claws you.
* * * LOW HITPOINT WARNING * * *
Your unstable footing causes you to fumble your attack.
The fungus is engulfed in a cloud of scalding steam.
The steam dragon bites you.
* * * LOW HITPOINT WARNING * * *
The steam dragon claws you.
You die...

# #### ## #PPP##
≈######## #.P≈^^#
≈....P.P#########≈P...PP
........P.≈.≈≈§P@DP....≈
^P.≈P≈.P.....§.§.D......
P≈.P#######≈..≈≈P.≈...≈#
PP### #######P≈≈≈≈P# ###
##PP### ###


You could see 2 steam dragons.

Vanquished Creatures
  An ogre (D:4)
  A bullfrog (D:4)
  3 worker ants (D:4)
  A howler monkey skeleton (D:4)
  5 adders
  3 worms
  2 dart slugs
  6 leopard geckos
  2 orcs
  3 giant cockroaches
  6 goblins
  11 hobgoblins
  18 jackals
  A quokka (D:5)
  2 ball pythons
  7 bats
  4 frilled lizards
  7 kobolds
  12 rats
95 creatures vanquished.

Notes
Turn   | Place    | Note
-------+----------+-------------------------------------------
     0 | D:1      | VladsEpitaph the Minotaur Berserker began the quest for the Orb.
     0 | D:1      | Reached XP level 1. HP: 19/19 MP: 0/0
   173 | D:1      | Reached XP level 2. HP: 22/27 MP: 1/1
   177 | D:1      | Found a sparkling altar of Nemelex Xobeh.
   213 | D:1      | Reached skill level 4 in Axes
   607 | D:2      | Found a sparkling altar of Nemelex Xobeh.
   708 | D:2      | Reached ** piety under Trog
   712 | D:2      | Reached XP level 3. HP: 33/33 MP: 2/2
   943 | D:2      | Reached XP level 4. HP: 33/41 MP: 3/3
  1507 | D:3      | Reached *** piety under Trog
  1633 | D:3      | Found a sacrificial altar of Ru.
  1644 | D:3      | Found a faded altar of an unknown god.
  1652 | D:3      | Reached skill level 5 in Fighting
  1914 | D:3      | Reached skill level 5 in Axes
  2211 | D:4      | Reached XP level 5. HP: 39/48 MP: 4/4
  2326 | D:4      | Found Xafamp's Jewellery Shop.
  2388 | D:4      | Noticed an ogre
  2396 | D:4      | Killed an ogre
  2407 | D:4      | Reached skill level 6 in Axes
  2407 | D:4      | Reached XP level 6. HP: 32/56 MP: 5/5
  2450 | D:4      | Reached skill level 1 in Stealth
  2582 | D:4      | Got a transparent ring mail
  2583 | D:4      | Identified the +1 ring mail of the Burgomaster {+Fly rElec rN+++ Str-2} (You found it on level 4 of the Dungeon)
  2635 | D:4      | Found an ancient bone altar of Kikubaaqudgha.
  2858 | D:5      | Entered Level 5 of the Dungeon
  2914 | D:5      | Noticed a steam dragon
  2915 | D:5      | Noticed a steam dragon
  2921 | D:5      | HP: 2/84 [steam dragon (4)]
  2921 | D:5      | Slain by a steam dragon

Skill      XL: |  1  2  3  4  5  6 |
---------------+-------------------+-----
Axes           | 4 5 6 |  6.6
Fighting       | 4 5 |  5.2
Armour         | 3 4 |  4.3
Stealth        | 1 |  1.0
Dodging        | |  2.7

Action                   |  1- 3 |  4- 6 || total
-------------------------+-------+-------++-------
Melee: Hand axe          |    78 |   153 ||   231
       Headbutt          |    14 |    16 ||    30
Invok: Burn Spellbooks   |       |     1 ||     1
       Berserk           |       |     1 ||     1
  Use: Scroll            |       |     4 ||     4
  Eat: Chunk             |       |     6 ||     6
Armor: Animal skin       |     3 |       ||     3
       Ring mail         |    13 |     7 ||    20
       Chain mail        |       |    90 ||    90
Dodge: Dodged            |    52 |    79 ||   131
